Map: [ESL] Crimson Court

Players

Reynor - Winner!

  • Race: Zerg Zerg
  • League: Master
  • Spawn Location: 1:00

LiquidClem (Clem)

  • Race: Terran Terran
  • League: Grandmaster
  • Spawn Location: 7:00

Event: Bellum Gens Elite Stara Zagora 2024

VOD

Have the link to the VOD?

Description

Time

  • Played on: Sept. 8, 2024, 8:15 a.m.
  • Length: 5:03

All games in this series

Show
View Real Time Build Order
Export as new Build Order

Reynor Zerg - Winner!

Build Orders: Hatch First, Ravager All-In 

Get SALT Encoding   

  12  0:00  Drone  
  13  0:07  Extractor  
  13  0:10  Drone  
  13  0:14  Extractor  
  13  0:16  Drone  
  15  0:43  Hatchery  
  15  0:44  Drone, Extractor  
  15  0:50  Overlord  
  15  1:05  Spawning Pool  
  15  1:08  Drone  
  15  1:12  Drone  
  15  1:15  Drone  
  17  1:19  Drone  
  18  1:30  Drone  
  19  1:41  Drone  
  19  1:45  Unknown  
  19  1:52  Roach Warren  
  18  1:54  Queen  
  18  1:55  Zergling x2  
  21  2:06  Zergling x2  
  21  2:08  Overlord  
  22  2:23  Spore Crawler  
  19  2:33  Roach x2  
  23  2:38  Roach  
  23  2:39  Queen, Roach  
  30  2:47  Extractor  
  30  2:49  Roach  
  29  2:57  Ravager  
  30  2:59  Drone x2  
  30  3:01  Overlord  
  32  3:11  Ravager  
  33  3:15  Roach  
  33  3:18  Drone  
  36  3:22  Roach  
  38  3:27  Ravager  
  38  3:31  Roach  
  41  3:35  Overlord  
  41  3:39  Ravager  
  42  3:51  Ravager  
  43  3:56  Roach x2  
  44  4:07  Roach  
  44  4:08  Roach  
  46  4:15  Queen  
  46  4:16  Ravager  
  47  4:20  Roach  
  49  4:25  Ravager  
  49  4:27  Overlord  
  50  4:35  Ravager  
  51  4:42  Ravager  
  51  4:43  Overlord  
Show
View Real Time Build Order
Export as new Build Order

LiquidClem Terran 

Build Orders:  

Get SALT Encoding   

  12  0:00  SCV  
  13  0:12  SCV  
  14  0:18  Supply Depot  
  14  0:24  SCV  
  15  0:40  SCV  
  15  0:42  Barracks  
  16  0:44  Refinery  
  16  0:52  SCV  
  17  0:59  Barracks  
  17  1:04  SCV  
  18  1:16  SCV  
  19  1:28  Reaper  
  19  1:29  Orbital Command  
  19  1:32  Supply Depot  
  20  1:46  Reaper  
  21  1:54  SCV  
  22  2:03  Reaper  
  22  2:07  SCV, Bunker  
  24  2:12  Supply Depot  
  24  2:17  Bunker  
  24  2:18  Marine  
  24  2:19  SCV  
  26  2:31  SCV  
  26  2:36  Marine  
  28  2:39  Marine  
  28  2:42  Factory  
  28  2:43  SCV  
  29  2:55  Command Center  
  29  2:56  SCV, Marine  
  31  3:03  Barracks Tech Lab  
  31  3:05  Refinery  
  31  3:08  SCV  
  32  3:14  Marine  
  33  3:20  SCV  
  33  3:22  Marine  
  35  3:27  Cyclone  
  35  3:32  Marine  
  35  3:34  Concussive Shells  
  38  3:40  Supply Depot  
  38  3:46  Marauder  
  38  3:51  SCV  
  39  4:01  Marine  
  40  4:04  Cyclone  
  40  4:08  Marauder  
  37  4:13  Orbital Command  
  31  4:19  Marine  
  31  4:28  SCV  
  31  4:29  Marine  
  36  4:39  SCV  
  36  4:40  SCV  
Tags
 
Add a new tag
Caveats
  • Supply blocks, unpowered buildings, or Contaminate may cause inaccurate times.
  • Supply counts are checked every 10 seconds.